 Dungeon Crawl Stone Soup version 0.29.1-2-gbd0b4ee654 (webtiles) character file.

Game seed: 15910918747898012926

9025 qeuew the Schismatic (level 11, -2/86 HPs)
             Began as a Demonspawn Abyssal Knight on Nov 15, 2022.
             Was an Elder of Lugonu.
             Killed from afar by an electric eel (5 damage)
             ... with a bolt of electricity
             ... on level 11 of the Dungeon.
             The game lasted 00:18:28 (13403 turns).

qeuew the Schismatic (Demonspawn Abyssal Knight)   Turns: 13403, Time: 00:18:29

Health: -2/86      AC: 20    Str: 13    XL:     11   Next: 17%
Magic:  36/36      EV: 11    Int: 13    God:    Lugonu [****..]
Gold:   115        SH: 16    Dex: 15    Spells: 10/10 levels left

rFire   + + .      SeeInvis .   a - +1 hand axe
rCold   + + .      Faith    .   j - +2 kite shield {rF+}
rNeg    . . .      Spirit   .   d - +7 Kryia's mail coat {PotionHeal*2 rC+}
rPois   +          Reflect  +   (no helmet)
rElec   +          Harm     .   n - +2 cloak {rCorr}
rCorr   +          Rampage  .   (no gloves)
Will    .....                   (no boots)
Stlth   +.........              g - amulet of reflection
HPRegen 0.24/turn               h - ring of magical power
MPRegen 0.50/turn               z - ring of magical power

@: resistant
A: thin metallic scales 1, demonic guardian 2, magic regeneration, demonic touch
1, weak 1, evolution 1, sturdy frame 1
a: Renounce Religion, Depart the Abyss, Bend Space, Banish, Corrupt


You were on level 11 of the Dungeon.
You worshipped Lugonu.
Lugonu was greatly pleased with you.
You visited 1 branch of the dungeon, and saw 11 of its levels.
You visited the Abyss 1 time.

You collected 362 gold pieces.
You spent 247 gold pieces at shops.

Inventory:

Hand Weapons
 a - a +1 hand axe (weapon)
Missiles
 b - a throwing net
Armour
 d - the +7 Kryia's mail coat (worn) {PotionHeal*2 rC+}
   (You found it on level 2 of the Dungeon)

   Potions are twice as effective at healing its wearer.
   rC:        It protects you from cold.
 j - a +2 kite shield of fire resistance (worn)
 n - a +2 cloak of preservation (worn)
Jewellery
 g - an amulet of reflection (around neck)
 h - a ring of magical power (left hand)
 z - a ring of magical power (right hand)
Wands
 k - a wand of flame (14)
 l - a wand of iceblast (17)
 p - a wand of polymorph (10)
 q - a wand of mindburst (12)
Scrolls
 e - a scroll of magic mapping
 f - 2 scrolls of blinking
 i - 5 scrolls of teleportation
 r - a scroll of butterflies
 t - 2 scrolls of enchant armour
 u - a scroll of silence
 w - a scroll of fear
 x - 4 scrolls of identify
Potions
 c - a potion of heal wounds
 m - 4 potions of curing
 o - 3 potions of invisibility
 v - 2 potions of mutation


   Skills:
 + Level 7.9 Fighting
 + Level 6.9 Axes
 + Level 6.9 Armour
 + Level 6.7 Dodging
 + Level 3.8 Shields
 + Level 9.9 Invocations
 + Level 4.4 Evocations


You had 10 spell levels left.
You didn't know any spells.
Your spell library contained the following spells:

 Spells                   Type           Power      Damage    Failure   Level
 Magic Dart               Conj           0%         1d3       92%         1
 Slow                     Hex            0%         N/A       92%         1
 Ensorcelled Hibernation  Hex/Ice        0%         N/A       98%         2
 Passwall                 Tmut/Erth      0%         N/A       98%         2
 Searing Ray              Conj           0%         2d4       98%         2
 Static Discharge         Conj/Air       0%         3-3/arc   98%         2
 Confusing Touch          Hex            0%         N/A       100%        3
 Swiftness                Air            0%         N/A       100%        3
 Vampiric Draining        Necr           0%         2d6       100%        3
 Airstrike                Air            0%         2d(0-16)  100%        4
 Fulminant Prism          Conj/Hex       0%         3d6       100%        4
 Summon Lightning Spire   Summ/Air       0%         N/A       100%        4
 Lightning Bolt           Conj/Air       0%         1d11      100%        5
 Maxwell's Capacitive Co  Air            0%         ∞         100%        8


Dungeon Overview and Level Annotations

Branches:
Dungeon (11/15)            Temple (0/1) D:7            Lair (0/5) D:11
    Orc (0/2) D:10

Altars:
Kikubaaqudgha
Makhleb
Sif Muna
Uskayaw
Vehumet
Xom
Yredelemnul

Shops:
D:4 *   D:6 *=

Annotations:
D:9 corrupted
Abyss:1 Blork the orc, Dowan, Duvessa, Maurice, Menkaure, Sonja


Innate Abilities, Weirdness & Mutations

You are partially covered in thin metallic scales. (AC +2)
A demonic guardian rushes to your aid.
You regenerate magic rapidly.
Your touch may inflict minor irresistible damage on your foes.
You are weak. (Str -2)
You have hidden genetic potential.
Your movements are slightly less encumbered by armour. (ER -2)


Message History

* * * LOW HITPOINT WARNING * * *
A demonic guardian appears!
You feel protected.
The electric eel shoots out a bolt of lightning at you!
The bolt of electricity misses you.
You barely miss the electric eel. You hit the electric eel.
The electric eel shoots out a bolt of lightning at you!
The bolt of electricity hits you. You resist.
* * * LOW HITPOINT WARNING * * *
The electric eel shoots out a bolt of lightning at you!
The bolt of electricity hits you but does no damage.
Your hellwing hits the electric eel!
The electric eel dies!
Lugonu accepts your kill.
Unknown command.
The electric eel shoots out a bolt of lightning at you!
The bolt of electricity hits you. You resist.
* * * LOW HITPOINT WARNING * * *
A demonic guardian appears!
The bolt of electricity hits your hellwing.
Unknown command.
You closely miss the electric eel.
The electric eel is lightly wounded.
You hit the electric eel but do no damage.
The electric eel shoots out a bolt of lightning at you!
The bolt of electricity hits you. You resist.
* * * LOW HITPOINT WARNING * * *
The electric eel shoots out a bolt of lightning at you!
The bolt of electricity hits you. You resist.
* * * LOW HITPOINT WARNING * * *
Your hellwing hits the electric eel. x2
You hit the electric eel.
The electric eel is severely wounded.
You closely miss the electric eel.
The electric eel shoots out a bolt of lightning at you!
The bolt of electricity hits you. You resist.
* * * LOW HITPOINT WARNING * * *
The electric eel shoots out a bolt of lightning at you!
The bolt of electricity hits you. You resist.
You die...

........P~P~
.......♣~~~~≈≈≈≈.~~♣
.....).♣♣~P≈≈≈≈≈.~≈♣
##....#♣ P~≈≈≈≈~.~~♣♣
#....##♣♣♣~~≈≈~.~P~♣
#.......♣♣~PPP~.~≈~♣♣♣♣
#....###♣ ♣~~~~.≈≈~~~P~
#....# ♣~P~S4≈≈~≈P~~
#....# ♣♣~~S@~≈~~~~♣
###.## #~~~~4~P~~~~~
#.# ##~~~.≈~~~~~~ #.#
##~~.~~~P~PP
#.##########...♣~~♣~#
#...................#
###################.#
.#


You could see 2 electric eels and 2 friendly hellwings.

Vanquished Creatures
  Pikel (D:4)
  2 gargoyles
  A hornet (D:9)
  A troll (D:9)
  3 yaks (D:9)
  A wyvern (D:11)
  Eustachio (D:5)
  2 ice beasts
  A sky beast (D:7)
  2 black bears
  An ogre (D:5)
  An orc warrior (D:10)
  3 centaurs
  A lemure (D:4)
  2 kobold brigands
  A gnoll sergeant (D:8)
  3 bullfrogs
  2 necrophages (D:5)
  4 scorpions
  10 wights
  9 killer bees (D:10)
  2 electric eels (D:10)
  4 howler monkeys
  A human zombie (D:5)
  6 hounds
  4 orc priests
  A jelly (D:6)
  Crazy Yiuf (D:4)
  Ijyb (D:3)
  9 iguanas
  Natasha (thrice) (D:3)
  5 orc wizards
  A hound zombie (D:5)
  4 mummies (D:5)
  12 gnolls
  9 adders
  2 ufetubi
  3 dart slugs
  31 orcs
  3 endoplasms
  7 giant cockroaches
  6 goblins
  3 hobgoblins
  2 jackals (D:2)
  3 quokkas
  12 ball pythons
  3 bats
  4 frilled lizards
  16 kobolds
  5 rats
215 creatures vanquished.

Vanquished Creatures (collateral kills)
  A two-headed ogre (D:10)
  A troll (D:11)
  A shadow (D:9)
  An orc warrior (D:9)
  A gnoll sergeant (D:6)
  4 wights (D:8)
  A killer bee (D:10)
  An electric eel (D:11)
  4 gnolls
  An orc (D:4)
16 creatures vanquished.

Vanquished Creatures (others)
  A gnoll sergeant (D:9)
  5 gnolls (D:9)
  An orc (D:9)
  2 plants (D:2)
9 creatures vanquished.

Grand Total: 240 creatures vanquished

Notes
Turn   | Place    | Note
-------+----------+-------------------------------------------
     0 | Abyss:1  | qeuew the Demonspawn Abyssal Knight began the quest for the
                  | Orb.
     0 | Abyss:1  | Reached XP level 1. HP: 18/18 MP: 2/2
     1 | D:1      | Escaped the Abyss
    70 | D:1      | You fall into a shaft and drop 1 floor!
    81 | D:2      | Found the +7 Kryia's mail coat {PotionHeal*2 rC+}
    97 | D:2      | Reached skill level 1 in Dodging
   264 | D:1      | Gained mutation: You regenerate magic rapidly. [demonic
                  | ancestry]
   264 | D:1      | Reached XP level 2. HP: 21/24 MP: 4/4
   462 | D:1      | Found a faded altar of an unknown god.
  1046 | D:2      | Reached skill level 3 in Invocations
  1046 | D:2      | Gained mutation: Your touch may inflict minor irresistible
                  | damage on your foes. [demonic ancestry]
  1046 | D:2      | Reached XP level 3. HP: 23/29 MP: 5/5
  1144 | D:2      | Gained mutation: A weak demonic guardian rushes to your
                  | aid. [demonic ancestry]
  1144 | D:2      | Reached XP level 4. HP: 25/35 MP: 6/6
  1610 | D:2      | Found a basalt altar of Yredelemnul.
  2154 | D:3      | Reached *** piety under Lugonu
  2244 | D:3      | Noticed Natasha
  2250 | D:3      | Killed Natasha
  2300 | D:3      | Reached XP level 5. HP: 40/42 MP: 7/7
  2427 | D:3      | Noticed Natasha
  2435 | D:3      | Killed Natasha
  2468 | D:3      | Noticed Natasha
  2475 | D:3      | Killed Natasha
  2476 | D:3      | Reached skill level 4 in Invocations
  2575 | D:3      | Noticed Ijyb
  2576 | D:3      | Paralysed by Ijyb for 4 turns
  2589 | D:3      | Killed Ijyb
  2749 | D:4      | Noticed a black bear
  2762 | D:3      | Reached XP level 6. HP: 44/48 MP: 9/9
  2835 | D:4      | Noticed Menkaure
  2839 | D:4      | Noticed Blork the orc
  2846 | D:4      | Banished Blork the orc
  2847 | D:4      | Banished Menkaure
  2848 | D:4      | Reached skill level 5 in Invocations
  2848 | D:4      | Reached XP level 7. HP: 16/55 MP: 1/10
  3594 | D:4      | Noticed Duvessa
  3594 | D:4      | Noticed Dowan
  3607 | D:4      | Banished Duvessa
  3608 | D:4      | Banished Dowan
  3843 | D:4      | Found Dikuguzu's Gadget Gallery.
  3901 | D:4      | Found a shimmering altar of Xom.
  3901 | D:4      | Noticed Pikel
  3926 | D:4      | Killed Pikel
  3927 | D:4      | Reached skill level 5 in Fighting
  3927 | D:4      | Reached skill level 6 in Invocations
  3927 | D:4      | Gained mutation: You are partially covered in thin metallic
                  | scales. (AC +2) [demonic ancestry]
  3927 | D:4      | Reached XP level 8. HP: 46/62 MP: 12/12
  4358 | D:4      | Found a runed translucent door.
  4359 | D:4      | Noticed Crazy Yiuf
  4366 | D:4      | Killed Crazy Yiuf
  4476 | D:5      | Entered Level 5 of the Dungeon
  4960 | D:5      | Found an ancient bone altar of Kikubaaqudgha.
  5044 | D:5      | Reached skill level 7 in Invocations
  5174 | D:5      | Reached skill level 5 in Armour
  5218 | D:5      | Reached skill level 5 in Axes
  5224 | D:5      | Reached XP level 9. HP: 69/69 MP: 14/14
  5402 | D:5      | Noticed Eustachio
  5436 | D:5      | Killed Eustachio
  6041 | D:6      | Reached skill level 5 in Dodging
  6267 | D:6      | Found Muomnayheh's Jewellery Emporium.
  6303 | D:6      | Reached skill level 1 in Evocations
  6419 | D:6      | Found Yrifuk's Fire Supplies.
  6441 | D:6      | Reached skill level 8 in Invocations
  6533 | D:6      | Bought a +1 kite shield of fire resistance for 247 gold
                  | pieces
  6563 | D:6      | Reached **** piety under Lugonu
  7140 | D:6      | Gained mutation: You occasionally lose the ability to read
                  | scrolls when taking damage. [potion of mutation]
  7140 | D:6      | Gained mutation: Your muscles are strong. (Str +4, Int/Dex
                  | -1) [potion of mutation]
  7210 | D:7      | Reached skill level 1 in Shields
  7628 | D:7      | Found a staircase to the Ecumenical Temple.
  7717 | D:7      | Found a shimmering blue altar of Sif Muna.
  7726 | D:7      | Found a radiant altar of Vehumet.
  8552 | D:8      | Noticed Maurice
  8641 | D:8      | Banished Maurice
  8642 | D:8      | Reached XP level 10. HP: 37/79 MP: 16/16
  9998 | D:9      | Reached skill level 9 in Invocations
 10024 | D:9      | Paralysed by a hornet for 2 turns
 10857 | D:9      | Corrupted D:9
 10857 | D:9      | Noticed a glowing orange brain
 10857 | D:9      | Noticed a sixfirhy
 10857 | D:9      | Noticed a large abomination
 10857 | D:9      | Noticed a green draconian
 10857 | D:9      | Noticed a smoke demon
 10857 | D:9      | Noticed a smoke demon
 10857 | D:9      | Noticed a white draconian
 10857 | D:9      | Noticed a sixfirhy
 10857 | D:9      | Noticed a starcursed mass
 10858 | D:9      | Noticed a large abomination
 10858 | D:9      | Noticed an orange demon
 10859 | D:9      | Noticed a shadow demon
 10860 | D:9      | Noticed a tentacled starspawn
 10865 | D:9      | Noticed a bone dragon
 11298 | D:9      | Lost mutation: You occasionally lose the ability to read
                  | scrolls when taking damage. [potion of mutation]
 11298 | D:9      | Lost mutation: Your muscles are strong. (Str +4, Int/Dex
                  | -1) [potion of mutation]
 11298 | D:9      | Gained mutation: You have a somewhat thin skeletal
                  | structure. (Dex +2, Stealth+) [potion of mutation]
 11298 | D:9      | Gained mutation: You sometimes lose your temper in combat.
                  | [potion of mutation]
 11298 | D:9      | Gained mutation: You are weak. (Str -2) [potion of
                  | mutation]
 11298 | D:9      | Gained mutation: You have hidden genetic potential. [potion
                  | of mutation]
 11301 | D:10     | Entered Level 10 of the Dungeon
 11555 | D:10     | Found a staircase to the Orcish Mines.
 11956 | D:10     | Noticed a gargoyle
 11962 | D:10     | Killed a gargoyle
 12056 | D:10     | Found a hide-covered altar of Uskayaw.
 12075 | D:10     | Lost mutation: You sometimes lose your temper in combat.
                  | [potion of mutation]
 12075 | D:10     | Lost mutation: You are weak. (Str -2) [potion of mutation]
 12075 | D:10     | Lost mutation: You have a somewhat thin skeletal structure.
                  | (Dex +2, Stealth+) [potion of mutation]
 12075 | D:10     | Gained mutation: You are weak. (Str -2) [potion of
                  | mutation]
 12075 | D:10     | Gained mutation: Your movements are slightly less
                  | encumbered by armour. (ER -2) [potion of mutation]
 12094 | D:10     | Found a burning altar of Makhleb.
 12104 | D:10     | Noticed a two-headed ogre
 12107 | D:10     | Noticed Sonja
 12115 | D:10     | Banished Sonja
 12116 | D:10     | Gained mutation: A demonic guardian rushes to your aid.
                  | [demonic ancestry]
 12116 | D:10     | Reached XP level 11. HP: 37/86 MP: 18/18
 12119 | D:10     | Killed a two-headed ogre
 13030 | D:11     | Found a staircase to the Lair.
 13403 | D:11     | HP: 3/86 [electric eel/bolt of electricity (3)]
 13403 | D:11     | Killed from afar by an electric eel

Illustrated notes

Levels and vault maps discovered:
D:1:      dpeg_arrival_tiny_c, layout_loops_cross,
          nicolae_ecumenical_snake_handling, chequers_big_river, st_stairs_2
D:2:      layout_basic, basic_altar, minmay_shallow_snake_nest
D:3:      layout_basic, chequers_serial_rivers_micro_a, uniq_natasha, uniq_ijyb
D:4:      layout_rooms, mainiacjoe_overflow_surrounded_room,
          amcnicky_mini_rare_corridor_liquid, nicolae_shop_gadgets,
          uniq_crazy_yiuf_cottage, uniq_duvessa, uniq_menkaure, uniq_pikel,
          uniq_blork_the_orc
D:5:      dreamdust_elfheim, layout_basic, lemuel_mausoleum_altar_kikubaaqudgha,
          minivault_27, kennysheep_big_empty_room, minmay_misc_feat_square,
          uniq_eustachio
D:6:      layout_cave_pools, serial_shops, shop, nicolae_shop_fire_sale
          [nicolae_sub_dead_trees], nicolae_zen_rock_garden, eino_tiny_chamber
D:7:      layout_basic, mainiacjoe_overflow_swirl,
          minmay_temple_entry_large_hall, amcnicky_mini_pool_small,
          bh_walls_and_bars
D:8:      layout_cave_pools, uniq_maurice
D:9:      layout_roguey
D:10:     layout_basic, mainiacjoe_overflow_large_starburst, hiddenorc1_lemuel,
          nrook_campfire, uniq_sonja
D:11:     layout_basic, dpeg_oklobed_lair, serial_bayou_lagoon_b

Skill      XL: |  1  2  3  4  5  6  7  8  9 10 |
---------------+-------------------------------+-----
Dodging        | 1 2 3 4 5 6 |  6.7
Axes           | 2 3 4 5 6 |  6.9
Armour         | 2 3 4 5 6 |  6.9
Invocations    | 3 4 5 6 7 8 9 |  9.9
Fighting       | 4 5 6 7 |  7.9
Evocations     | 2 4 |  4.4
Shields        | 1 3 |  3.8

Action                   |  1- 3 |  4- 6 |  7- 9 | 10-12 || total
-------------------------+-------+-------+-------+-------++-------
Melee: Hand axe          |    75 |   121 |   514 |   405 ||  1115
       Punch             |     1 |     2 |     2 |       ||     5
       Touch             |     1 |    25 |    58 |       ||    84
Invok: Banish            |       |     3 |     7 |     3 ||    13
       Corrupt           |       |       |       |     1 ||     1
  Use: Scroll            |     3 |     3 |     9 |     3 ||    18
       Potion            |     1 |     3 |     3 |     9 ||    16
 Stab: Distracted        |       |       |     1 |     2 ||     3
       Held in net/web   |       |       |     1 |       ||     1
Armor: Scale mail        |    50 |    86 |   299 |   273 ||   708
Dodge: Dodged            |    40 |    74 |   232 |   192 ||   538
Block: Other             |    13 |    48 |    70 |       ||   131
       Kite shield       |       |       |   214 |   429 ||   643
       Reflection        |       |       |     6 |    10 ||    16
